 Dungeon Crawl Stone Soup version 0.19-a0-1005-gf5a4b3b (webtiles) character file.

81 Sixotanaka the Slasher (level 4, -2/29 HPs)
             Began as a High Elf Skald on July 18, 2016.
             Slain by a quokka (3 damage)
             ... on level 3 of the Dungeon.
             The game lasted 00:03:23 (2811 turns).

Sixotanaka the Slasher (High Elf Skald)             Turns: 2811, Time: 00:03:23

Health: -2/29      AC:  3    Str: 11    XL:     4   Next: 19%
Magic:  8/8        EV:  8    Int: 16    God:
Gold:   80         SH:  7    Dex: 15    Spells: 3 memorised, 1 level left

rFire  . . .     SeeInvis .     a - +0 falchion
rCold  . . .     Gourm    .     b - +0 leather armour
rNeg   . . .     Faith    .     n - +0 shield
rPois  .         Spirit   .     (no helmet)
rElec  .         Dismiss  .     (no cloak)
rCorr  .         Reflect  .     (no gloves)
SustAt .         Harm     .     (no boots)
MR     .....                    (no amulet)
Stlth  ..........               (no ring)
                                l - ring of loudness (curse)

@: not resistant to hostile enchantments, extremely unstealthy
A: no striking features
a: no special abilities


You were on level 3 of the Dungeon.
You were not hungry.

You visited 1 branch of the dungeon, and saw 3 of its levels.

You collected 80 gold pieces.


   Skills:
 - Level 2.0 Fighting
 * Level 4.9 Long Blades
 - Level 0.8 Armour
 - Level 1.1 Dodging
 + Level 1.0 Shields
 - Level 2.4 Spellcasting
 + Level 3.9 Charms


You had one spell level left.
You knew the following spells:

 Your Spells              Type           Power        Failure   Level  Hunger
a - Shroud of Golubria    Chrm/Tloc      #.........   91%         2    ###....
c - Spectral Weapon       Hex/Chrm       #.......     99%         3    ###....
z - Infusion              Chrm           ##..         34%         1    #......


Dungeon Overview and Level Annotations

Branches:
Dungeon (3/15)

Altars:
Zin

Shops:
D:2 *

Inventory:

Hand Weapons
 a - a +0 falchion (weapon)
Armour
 b - a +0 leather armour (worn)
 n - a +0 shield (worn)
   (You found it on level 1 of the Dungeon)
Jewellery
 l - a cursed ring of loudness (left hand)
   (You found it on level 1 of the Dungeon)
Scrolls
 e - 3 scrolls of identify {unknown}
 h - a scroll of noise {unknown}
 i - 2 scrolls of immolation {!r}
 m - a scroll of fear {unknown}
 o - a scroll of remove curse {unknown}
Potions
 f - 2 potions of might {unknown}
 g - a potion of degeneration {unknown}
 p - 2 potions of heal wounds {unknown}
 q - a potion of curing {unknown}
Books
 c - a book of Battle
Comestibles
 d - 2 bread rations {@e1}
 j - 8 fruits
 k - a meat ration {@e2}

........# ........# .
........# ..
........#####...
................
................
#.....o........
#.....r##...### #.....@#
..# #......# .+
#......#....#
#......#....######
######>#...... .(#
#.#.....# #.#
####.#.....# #.#####
#....#.....# #.#..<#
####.####.....###...###.


You could see an orc and a quokka.


Message History

You hit the rat.
You kill the rat!
You miss the quokka. You block the quokka's attack.
The quokka bites you but does no damage.
You closely miss the quokka. You block the quokka's attack.
You completely miss the quokka.
The quokka twitches its whiskers.
You block the quokka's attack.
You barely miss the orc. The quokka closely misses you.
The quokka barely misses you. The orc hits you with a short sword.
You closely miss the orc. You block the quokka's attack.
The orc completely misses you.
You hit the orc but do no damage. The quokka bites you.
The orc barely misses you.
You riposte.
You barely miss the orc. You hit the orc. You block the quokka's attack.
You block the orc's attack. The quokka bites you.
You hit the orc. The quokka bites you. You block the orc's attack.
You closely miss the orc. You block the quokka's attack.
You block the orc's attack. The quokka misses you.
You closely miss the orc. You block the orc's attack.
You block the quokka's attack. The orc hits you but does no damage.
You hit the orc but do no damage. The quokka barely misses you.
The orc hits you but does no damage.
The quokka bites you but does no damage.
You hit the orc. You block the quokka's attack.
The orc hits you with a short sword.
You hit the orc but do no damage. The quokka closely misses you.
You riposte.
You barely miss the quokka. The orc hits you with a short sword!
* * * LOW HITPOINT WARNING * * *
The quokka misses you.
You riposte.
You barely miss the quokka.
You are too injured to fight recklessly!
You are too injured to fight recklessly!
Unknown command.
You completely miss the orc. You block the orc's attack. The quokka bites you.
* * * LOW HITPOINT WARNING * * *
Unknown command.
You hit the orc but do no damage. The orc hits you with a short sword.
* * * LOW HITPOINT WARNING * * *
You block the quokka's attack. You block the orc's attack.
The quokka bites you.
* * * LOW HITPOINT WARNING * * *
You barely miss the orc. The quokka closely misses you.
The orc hits you with a short sword.
* * * LOW HITPOINT WARNING * * *
Your shield prevents you from hitting the orc.
The quokka barely misses you. The orc hits you with a short sword.
* * * LOW HITPOINT WARNING * * *
Unknown command.
The quokka bites you.
You die...

Vault maps used:
D:1:      dpeg_arrival_round_a
D:2:      zin_purify, lightli_corner_chamber

Vanquished Creatures
  3 adders
  2 dart slugs
  2 giant geckos
  A ball python (D:1)
  A giant cockroach (D:2)
  3 goblins
  5 hobgoblins
  6 jackals (D:2)
  A quokka (D:2)
  6 bats
  4 giant newts
  6 kobolds
  6 rats
46 creatures vanquished.

Table legend:
 A = Turns spent in this place as a percentage of turns spent in the entire game.
 B = Non-inter-level travel turns spent in this place as a percentage of non-inter-level travel turns spent in the entire game.
 C = Inter-level travel turns spent in this place as a percentage of turns spent in this place.
 D = Turns resting spent in this place as a percentage of non-inter-level travel turns spent in this place.
 E = Turns spent auto-exploring this place as a percentage of non-inter-level travel turns spent in this place.
 F = Non-inter-level travel turns spent in this place divided by the number of levels of this place that you've seen.
                   A       B       C       D       E      F
               +-------+-------+-------+-------+-------+----------------------
         Total | 100.0 | 100.0 |   0.5 |   7.7 |  16.6 | 194.7
       Dungeon | 100.0 | 100.0 |   0.5 |   7.7 |  16.6 | 194.7
               +-------+-------+-------+-------+-------+----------------------

Table legend:
 A = Kills in this place as a percentage of kills in entire the game.
 B = Kills by you in this place as a percentage of kills by you in the entire game.
 C = Kills by friends in this place as a percentage of kills by friends in the entire game.
 D = Other kills in this place as a percentage of other kills in the entire game.
 E = Experience gained in this place as a percentage of experience gained in the entire game.
 F = Experience gained in this place divided by the number of levels of this place that you have seen.
                   A       B       C       D       E      F
               +-------+-------+-------+-------+-------+----------------------
         Total | 100.0 | 100.0 |  -nan |  -nan | 100.0 |  38.7
       Dungeon | 100.0 | 100.0 |  -nan |  -nan | 100.0 |  38.7
               +-------+-------+-------+-------+-------+----------------------

Notes
Turn   | Place    | Note
-------+----------+-------------------------------------------
     0 | D:1      | Sixotanaka the High Elf Skald began the quest for the Orb.
     0 | D:1      | Reached XP level 1. HP: 14/14 MP: 4/4
   185 | D:1      | Reached skill level 3 in Long Blades
   285 | D:1      | Reached XP level 2. HP: 7/19 MP: 6/6
   970 | D:1      | Reached skill level 4 in Long Blades
  1097 | D:2      | HP: 4/19 [jackal (3)]
  1449 | D:2      | Reached XP level 3. HP: 17/24 MP: 5/7
  1765 | D:2      | Found Zin's Purification Station.
  1768 | D:2      | Found a glowing silver altar of Zin.
  1941 | D:2      | Learned a level 2 spell: Shroud of Golubria
  1945 | D:2      | Learned a level 3 spell: Spectral Weapon
  2595 | D:2      | Reached XP level 4. HP: 26/29 MP: 8/8
  2739 | D:3      | Reached skill level 1 in Shields
  2808 | D:3      | HP: 4/29 [orc/short sword (5)]
  2809 | D:3      | HP: 1/29 [orc/short sword (3)]
  2811 | D:3      | Slain by a quokka

Action                   |  1- 3 |  4- 6 || total
-------------------------+-------+-------++-------
Melee: Falchion          |   176 |    36 ||   212
 Cast: Infusion          |     2 |       ||     2
  Use: Scroll            |     1 |       ||     1
  Eat: Chunk             |     5 |     1 ||     6
Armor: Leather armour    |    41 |     8 ||    49
Dodge: Dodged            |    84 |    14 ||    98
Block: Shield            |    28 |    17 ||    45
